 Dungeon Crawl Stone Soup version 0.21.0-3-g78d12a8bdd (webtiles) character file.

114 Rrauwl the Ruffian (level 4, -7/45 HPs)
             Began as a Troll Monk on Jan 10, 2018.
             Killed from afar by Ijyb (19 damage)
             ... with a wand of acid (10)
             ... on level 3 of the Dungeon.
             The game lasted 00:05:40 (2150 turns).

Rrauwl the Ruffian (Troll Monk)                     Turns: 2150, Time: 00:05:41

Health: -7/45      AC:  5    Str: 20    XL:     4   Next: 66%
Magic:  3/3        EV: 16    Int:  6    God:
Gold:   251        SH:  0    Dex: 17    Spells: 3/3 levels left

rFire    . . .     SeeInvis .     - Unarmed
rCold    . . .     Gourm    +   (no shield)
rNeg     . . .     Faith    .   a - +0 robe
rPois    +         Spirit   .   (helmet restricted)
rElec    .         Reflect  .   (no cloak)
rCorr    .         Harm     .   (gloves unavailable)
MR       .....                  (boots unavailable)
Stlth    +++.......             (no amulet)
HPRegen  0.55/turn              e - ring of poison resistance
MPRegen  0.08/turn              (no ring)

@: agile
A: large, unfitting armour, claws 3, fast metabolism 3, gourmand, regeneration
1, shaggy fur 1, tough skin 2
a: no special abilities


You were on level 3 of the Dungeon.
You were very full.

You visited 1 branch of the dungeon, and saw 3 of its levels.

You collected 251 gold pieces.

Inventory:

Missiles
 i - 2 javelins (quivered)
Armour
 a - a +0 robe (worn)
Jewellery
 e - a ring of poison resistance (left claw)
Scrolls
 c - 2 scrolls of identify {unknown}
 d - a scroll of enchant weapon {unknown}
 f - 2 scrolls of fog {unknown}
 j - a scroll of teleportation {unknown}
 k - 2 scrolls of blinking {unknown}
 l - a scroll of remove curse {unknown}
 o - 2 scrolls of fear {unknown}
 p - 2 scrolls of magic mapping {unknown}
Potions
 g - a potion of cancellation
 h - a potion of magic {unknown}
Comestibles
 b - 8 rations


   Skills:
 - Level 3.0 Fighting
 - Level 3.0 Dodging
 - Level 1.0 Stealth
 + Level 4.6 Unarmed Combat


You had 3 spell levels left.
You didn't know any spells.

Dungeon Overview and Level Annotations

Branches:
Dungeon (3/15)

Altars:
Gozag
Kikubaaqudgha
Okawaru

Annotations:
D:3 Ijyb


Innate Abilities, Weirdness & Mutations

You are too large for most types of armour.
You have claws for hands.
Your metabolism is lightning-fast.
You like to eat raw meat.
Your natural rate of healing is unusually fast.
You are covered in fur. (AC +1)
You have very tough skin. (AC +2)


Message History

You butcher the orc corpse.
m - a chunk of flesh
Things that are here:
a club; a chain mail There isn't anything to butcher here.
Eating a chunk of flesh.
You eat the chunk of flesh.
This raw flesh tastes great.
Found an escape hatch in the ceiling.
Ijyb the Twisted Goblin comes into view.
She is wielding an enchanted club.
Ijyb shouts!
Ijyb zaps a wand.
The bolt of acid hits you!
You are splashed with acid!
The acid burns!
* * * LOW HITPOINT WARNING * * *
It is a wand of acid (10).
It was a potion of cancellation.
You feel magically purged.
It was a potion of agility.
You feel agile all of a sudden.
You barely miss Ijyb. Ijyb completely misses you.
You barely miss Ijyb.
Ijyb zaps a wand.
The bolt of acid hits you!
You die...

#.#.##########..####.#.##
#........................
#........######..###.#.##
#..>.....# ##.# #.#.##
#........#######.###.#.##
#........#.............##
#.............###.##.####
#.............# #....# #
#.......@.....# ##.### #
###+#####g....# #.# #
...........# #.######
..g........# #.......
.....<..!..# ###.#####
.#####.....# #.....# #
#.....# #.#.#.# # ...####
#.#...# # ...# #.##..# #


You could see Ijyb.

Vanquished Creatures
  An orc priest (D:3)
  An adder (D:3)
  An ooze (D:2)
  A worm (D:1)
  A dart slug (D:1)
  6 leopard geckos
  4 orcs
  3 giant cockroaches
  3 goblins
  6 hobgoblins
  4 jackals
  8 kobolds
  3 quokkas (D:2)
  2 ball pythons
  4 bats
  A frilled lizard (D:2)
  4 rats
53 creatures vanquished.

Notes
Turn   | Place    | Note
-------+----------+-------------------------------------------
     0 | D:1      | Rrauwl the Troll Monk began the quest for the Orb.
     0 | D:1      | Reached XP level 1. HP: 22/22 MP: 0/0
    30 | D:1      | Reached XP level 2. HP: 24/29 MP: 1/1
   250 | D:1      | Reached XP level 3. HP: 36/36 MP: 2/2
   977 | D:2      | Found an iron altar of Okawaru.
  1251 | D:2      | Found an ancient bone altar of Kikubaaqudgha.
  1350 | D:2      | Found an opulent altar of Gozag.
  1678 | D:3      | Reached skill level 4 in Unarmed Combat
  1678 | D:3      | Reached XP level 4. HP: 24/45 MP: 3/3
  2144 | D:3      | Noticed Ijyb
  2150 | D:3      | Killed from afar by Ijyb

Skill      XL: |  1  2  3 |
---------------+----------+-----
Dodging        | 3 |  3.0
Fighting       | 3 |  3.0
Unarmed Combat | 4 |  4.6
Stealth        | |  1.0

Action                   |  1- 3 |  4- 6 || total
-------------------------+-------+-------++-------
Melee: Unarmed           |   111 |    25 ||   136
       Punch             |     1 |       ||     1
  Use: Potion            |       |     2 ||     2
 Stab: Sleeping          |     4 |     2 ||     6
  Eat: Chunk             |    19 |     4 ||    23
Armor: Robe              |    34 |     4 ||    38
Dodge: Dodged            |    59 |    18 ||    77
